 Dungeon Crawl Stone Soup version 0.27-a0-393-gba1aca71f1 (console) character file.

Game seed: 6964999483075977297

(classic levelgen) 33179 Duffy the Thaumaturge (level 13, -16/78 HPs)
             Began as a Deep Elf Fire Elementalist on Feb 20, 2021.
             Was an Elder of Sif Muna.
             Demolished by a boulder beetle (22 damage)
             ... on level 3 of the Lair of Beasts.
             The game lasted 00:24:38 (21825 turns).

Duffy the Thaumaturge (Deep Elf Fire Elementalist) Turns: 21825, Time: 00:24:38

Health: -16/78     AC:  8    Str:  5    XL:     13   Next: 35%
Magic:  5/31       EV: 15    Int: 43    God:    Sif Muna [****..]
Gold:   1687       SH:  0    Dex: 12    Spells: 15/36 levels left

rFire    + . .     SeeInvis .   a - staff of conjuration {!a}
rCold    . . .     Faith    +   (no shield)
rNeg     . . .     Spirit   .   B - +1 leather armour of the Elven Halls {rElec rF+ Regen+ Dex-3}
rPois    +         Reflect  .   i - +0 hat of Dishonour {rPois Int+5}
rElec    +         Harm     .   u - +0 cloak
rCorr    .         Rampage  .   M - +1 pair of gloves
Will     ++...                  I - +0 pair of boots "Qiumungo" {*Drain rPois Will+ Slay+2}
Stlth    ++........             Q - amulet of faith
HPRegen  1.23/turn              L - +6 ring of intelligence
MPRegen  0.22/turn              w - +6 ring of intelligence

@: no status effects
A: no striking features
a: Renounce Religion, Channel Magic, Forget Spell, Divine Exegesis


You were on level 3 of the Lair of Beasts.
You worshipped Sif Muna.
Sif Muna was greatly pleased with you.
You visited 3 branches of the dungeon, and saw 15 of its levels.
You also visited: Volcano.

You collected 1687 gold pieces.

Inventory:

Hand Weapons
 b - the +9 mace of Sunlight {venom, Str+4 SInv}
   (You found it on level 4 of the Dungeon)

   It poisons the flesh of those it strikes.
   It affects your strength (+4).
   It lets you see invisible.
Missiles
 O - a throwing net (quivered)
Armour
 i - the +0 hat of Dishonour (worn) {rPois Int+5}
   (You found it in a volcano)

   It affects your intelligence (+5).
   It protects you from poison.
 p - a +3 leather armour of poison resistance
 u - a +0 cloak (worn)
 z - a scarf of invisibility
 B - the +1 leather armour of the Elven Halls (worn) {rElec rF+ Regen+ Dex-3}
   (You took it off an orc on level 7 of the Dungeon)

   It affects your dexterity (-3).
   It protects you from fire.
   It insulates you from electricity.
   It increases your rate of regeneration.
 I - the +0 pair of boots "Qiumungo" (worn) {*Drain rPois Will+ Slay+2}
   (You found it on level 8 of the Dungeon)

   It affects your accuracy and damage with ranged weapons and melee attacks
   (+2).
   It protects you from poison.
   It affects your willpower, your defense against some magical effects.
   It causes draining when unequipped.
 M - a +1 pair of gloves (worn)
 R - a +2 kite shield
 V - a +1 robe of willpower
Magical Staves
 a - a staff of conjuration (weapon) {!a}
 N - a staff of fire {!a}
Jewellery
 e - a +4 ring of protection
 w - a +6 ring of intelligence (right hand)
 L - a +6 ring of intelligence (left hand)
 Q - an amulet of faith (around neck)
Wands
 o - a wand of iceblast (1)
 A - a wand of charming (6)
 C - a wand of polymorph (12)
 G - a wand of acid (3)
 T - a wand of flame (32)
 U - a wand of mindburst (3)
Scrolls
 c - 3 scrolls of immolation {unknown}
 g - 7 scrolls of teleportation
 h - 5 scrolls of amnesia {unknown}
 k - 2 scrolls of fog {unknown}
 m - 5 scrolls of enchant weapon {unknown}
 t - 3 scrolls of fear {unknown}
 v - 2 scrolls of silence {unknown}
 x - 3 scrolls of enchant armour {unknown}
 y - 2 scrolls of torment
 F - 2 scrolls of noise
 S - 3 scrolls of magic mapping
 Y - a scroll of blinking
Potions
 d - 3 potions of ambrosia
 f - 3 potions of attraction
 j - 5 potions of lignification
 l - 2 potions of degeneration
 n - 2 potions of invisibility
 r - 2 potions of heal wounds
 s - 4 potions of flight
 D - 3 potions of curing
 E - 2 potions of brilliance
 H - 7 potions of resistance
 J - 4 potions of might
 K - a potion of mutation {unknown}
 P - 3 potions of cancellation {unknown}
 X - a potion of haste
 Z - 2 potions of berserk rage


   Skills:
 * Level 8.1 Fighting
 + Level 8.7 Dodging
 - Level 2.4 Stealth
 - Level 12.0 Spellcasting
 - Level 10.4 Conjurations
 - Level 10.4 Fire Magic
 - Level 8.0 Earth Magic
 - Level 10.0 Invocations
 - Level 3.0 Evocations


You had 15 spell levels left.
You knew the following spells:

 Your Spells              Type           Power        Failure   Level
h - Bolt of Magma         Conj/Fire/Erth 52%          1%          5
j - Sticky Flame          Conj/Fire      100%         1%          4
k - Fireball              Conj/Fire      54%          1%          5
l - Foxfire               Conj/Fire      100%         1%          1
y - Starburst             Conj/Fire      54%          4%          6

Your spell library contained the following spells:

 Spells                   Type           Power        Failure   Level
 Animate Skeleton         Necr           50%          1%          1
 Apportation              Tloc           50%          1%          1
 Corona                   Hex            27%          1%          1
 Summon Small Mammal      Summ           100%         1%          1
 Conjure Flame            Conj/Fire      100%         1%          3
 Dazzling Flash           Conj/Hex       100%         1%          3
 Inner Flame              Hex/Fire       63%          1%          3
 Iskenderun's Mystic Bla  Conj/Tloc      82%          2%          4
 Ensorcelled Hibernation  Hex/Ice        50%          3%          2
 Poisonous Vapours        Pois/Air       50%          3%          2
 Confusing Touch          Hex            25%          6%          3
 Tukima's Dance           Hex            25%          6%          3
 Lightning Bolt           Conj/Air       41%          6%          5
 Silence                  Hex/Air        12%          47%         5
 Summon Mana Viper        Hex/Summ       25%          47%         5
 Fire Storm               Conj/Fire      54%          100%        9


Dungeon Overview and Level Annotations

Branches:
Dungeon (11/15)            Temple (1/1) D:4            Lair (3/6) D:11
 Shoals (0/4) Lair:2        Snake (0/4) Lair:2      Volcano (visited)
    Orc: D:9-12

Altars:
Ashenzari
Cheibriados
Dithmenos
Elyvilon
Fedhas
Gozag
Hepliaklqana
Kikubaaqudgha
Makhleb
Nemelex Xobeh
Okawaru
Qazlal
Ru
Sif Muna
Trog
Uskayaw
Vehumet
Wu Jian
Xom
Yredelemnul
Zin
The Shining One
Jiyva

Shops:
D:8 [

Annotations:
D:10 2 transporters
Lair:1 1 transporter, 1 runed translucent door, spacewizard's ghost, journeyman OpVM


Message History

Press: ? - help, Shift-Dir - straight line, f/p - boulder beetle
Aim: a boulder beetle (moderately wounded, chance to affect: 62%)
The boulder beetle's mind is blasted!
The blink frog blinks!
The boulder beetle bites you!
Aiming: Mindburst
Press: ? - help, Shift-Dir - straight line, f/p - boulder beetle
Aim: a boulder beetle (moderately wounded, chance to affect: 62%)
The boulder beetle resists with significant effort.
The blink frog hits you. The boulder beetle closely misses you.
The blink frog hits you!
The blink frog blinks!
Aiming: Mindburst
Press: ? - help, Shift-Dir - straight line, f/p - boulder beetle
Aim: a boulder beetle (moderately wounded, chance to affect: 62%)
The boulder beetle resists with significant effort.
The blink frog closely misses you. The boulder beetle bites you!!
* * * LOW HITPOINT WARNING * * *
Aiming: Mindburst
Press: ? - help, Shift-Dir - straight line, f/p - boulder beetle
Aim: a boulder beetle (moderately wounded, chance to affect: 62%)
The boulder beetle's mind is blasted!
The blink frog hits you!
* * * LOW HITPOINT WARNING * * *
The blink frog blinks!
The blink frog hits you but does no damage.
The boulder beetle closely misses you.
The blink frog blinks!
Aiming: Mindburst
Press: ? - help, Shift-Dir - straight line, f/p - boulder beetle
Aim: a boulder beetle (heavily wounded, chance to affect: 62%)
The boulder beetle resists with significant effort.
The blink frog blinks!
The boulder beetle misses you.
Aiming: Mindburst
Press: ? - help, Shift-Dir - straight line, f/p - boulder beetle
Aim: a boulder beetle (heavily wounded, chance to affect: 62%)
The boulder beetle's mind is blasted!!
The blink frog blinks!
The boulder beetle bites you!
* * * LOW HITPOINT WARNING * * *
Aiming: Mindburst
Press: ? - help, Shift-Dir - straight line, f/p - boulder beetle
Aim: a boulder beetle (severely wounded, chance to affect: 62%)
The boulder beetle's mind is blasted!!
The boulder beetle bites you!!
You die...

#.......F...Y.B.P...%...
##......P##..#.P#.......
##......#############>..
#........# ...
##.......# .F. #....%.##
... #......# ...
#....B.## F.. #....@..#
##.0.F..## #...F...##
#........# ##......##
##......# #.####P## ###
###


You could see a boulder beetle and 2 blink frogs.

Vanquished Creatures
  A fire dragon (Volcano)
  3 hydras
  Harold (D:9)
  4 two-headed ogres
  An unseen horror (D:10)
  Pikel (D:4)
  An ugly thing (D:11)
  A wolf spider (D:10)
  3 salamanders (Volcano)
  A cyclops (D:11)
  Joseph (D:8)
  3 merfolk sirens (Lair:2)
  A black mamba (Lair:2)
  5 cane toads
  A kobold demonologist (D:11)
  A rime drake (Lair:2)
  9 komodo dragons
  Maggie (D:6)
  4 trolls
  A merfolk (Lair:2)
  A polar bear (Lair:2)
  7 blink frogs (Lair:3)
  A vampire (D:11)
  19 yaks
  A shadow (D:11)
  A wraith (D:10)
  8 wyverns
  A basilisk (Lair:2)
  3 fire bats (Volcano)
  Eustachio (D:5)
  5 steam dragons
  Menkaure (D:6)
  6 nagas (Lair:2)
  5 water moccasins
  7 ice beasts
  4 orc warriors
  4 black bears
  5 sky beasts
  9 ogres
  2 eyes of draining
  7 centaurs
  2 lemures
  A phantom (D:4)
  A kobold brigand (D:10)
  16 bullfrogs
  A gnoll sergeant (D:10)
  8 scorpions
  2 water moccasin skeletons
  7 killer bees
  21 wights
  2 howler monkeys
  2 electric eels (Lair:2)
  6 crimson imps (D:9)
  2 bullfrog zombies
  3 centaur zombies
  5 jellies
  2 quasits
  3 centaur skeletons
  5 orc priests
  Crazy Yiuf (D:4)
  6 hounds
  3 bullfrog skeletons
  10 orc wizards
  3 iguanas
  4 worker ants
  A killer bee zombie (D:8)
  A worker ant zombie (D:11)
  Robin (D:4)
  12 adders
  12 gnolls
  6 white imps
  An ufetubus (D:10)
  An ooze (D:4)
  An adder skeleton (D:4)
  9 worms
  2 dart slugs (D:2)
  4 leopard geckos
  39 orcs
  2 ball pythons
  8 bats
  2 giant cockroaches
  16 goblins
  4 hobgoblins
  8 jackals
  5 quokkas
  A ball python skeleton (D:4)
  3 frilled lizards
  A jackal skeleton (D:8)
  11 kobolds
  3 leopard gecko skeletons
  A leopard gecko zombie (D:5)
  8 rats
421 creatures vanquished.

Vanquished Creatures (others)
  An orc wizard (D:5)
  1339 foxfires
  6 fungi
  51 plants
1397 creatures vanquished.

Grand Total: 1818 creatures vanquished

Notes
Turn   | Place    | Note
-------+----------+-------------------------------------------
     0 | D:1      | Duffy the Deep Elf Fire Elementalist began the quest for
                  | the Orb.
     0 | D:1      | Reached XP level 1. HP: 10/10 MP: 6/6
   325 | D:1      | Reached XP level 2. HP: 15/15 MP: 5/8
  1143 | D:2      | Found a hide-covered altar of Uskayaw.
  1143 | D:2      | Found a glowing silver altar of Zin.
  1178 | D:2      | Reached XP level 3. HP: 19/19 MP: 2/9
  1626 | D:2      | Found a sacrificial altar of Ru.
  1709 | D:1      | Reached XP level 4. HP: 21/24 MP: 0/11
  1807 | D:2      | Learned a level 4 spell: Sticky Flame
  1996 | D:2      | Found a broken altar of Ashenzari.
  2509 | D:3      | Found a sparkling altar of Nemelex Xobeh.
  2741 | D:3      | Found a blossoming altar of Fedhas.
  3243 | D:3      | Reached skill level 4 in Spellcasting
  3243 | D:3      | Reached XP level 5. HP: 28/28 MP: 4/13
  3649 | D:3      | Learned a level 5 spell: Fireball
  4066 | D:4      | Found a staircase to the Ecumenical Temple.
  4391 | Temple   | Entered the Ecumenical Temple
  4557 | Temple   | Became a worshipper of Sif Muna the Loreminder
  4623 | D:4      | Reached skill level 5 in Spellcasting
  4623 | D:4      | Reached XP level 6. HP: 32/32 MP: 8/15
  4705 | D:4      | Noticed Pikel
  4822 | D:4      | Killed Pikel
  4823 | D:4      | Reached skill level 6 in Spellcasting
  4823 | D:4      | Reached skill level 5 in Conjurations
  4823 | D:4      | Reached skill level 5 in Fire Magic
  4823 | D:4      | Reached XP level 7. HP: 36/36 MP: 5/18
  5002 | D:4      | Noticed Robin
  5007 | D:4      | Killed Robin
  5287 | D:4      | Reached skill level 7 in Spellcasting
  5647 | D:4      | Got a masterwork mace
  5648 | D:4      | Identified the +9 mace of Sunlight {venom, Str+4 SInv} (You
                  | found it on level 4 of the Dungeon)
  5651 | D:4      | Found a runed translucent door.
  5652 | D:4      | Noticed Crazy Yiuf
  5660 | D:4      | Killed Crazy Yiuf
  5660 | D:4      | Reached * piety under Sif Muna
  5772 | D:5      | Entered Level 5 of the Dungeon
  5802 | D:5      | Reached XP level 8. HP: 41/41 MP: 12/21
  5917 | D:5      | Noticed Eustachio
  6128 | D:5      | Reached skill level 8 in Spellcasting
  6148 | D:5      | Killed Eustachio
  7369 | D:5      | Reached skill level 9 in Spellcasting
  7600 | D:6      | Reached XP level 9. HP: 42/45 MP: 18/24
  7713 | D:6      | Noticed Menkaure
  7716 | D:6      | Killed Menkaure
  7794 | D:6      | Reached ** piety under Sif Muna
  8084 | D:6      | Noticed Maggie
  8096 | D:6      | Killed Maggie
  8097 | D:6      | Reached skill level 10 in Spellcasting
  8635 | D:7      | Reached skill level 1 in Fighting
  9388 | D:7      | Identified the +1 leather armour of the Elven Halls {rElec
                  | rF+ Regen+ Dex-3}
  9853 | D:7      | Reached XP level 10. HP: 56/56 MP: 17/26
  9928 | D:7      | Reached skill level 5 in Dodging
  9993 | D:7      | Noticed a two-headed ogre
  9999 | D:7      | Killed a two-headed ogre
 10670 | D:8      | Reached *** piety under Sif Muna
 10671 | D:8      | Reached skill level 5 in Fighting
 10711 | D:8      | Reached skill level 1 in Invocations
 10711 | D:8      | Reached skill level 1 in Evocations
 11031 | D:8      | Noticed a two-headed ogre
 11037 | D:8      | Killed a two-headed ogre
 11684 | D:8      | Found Xok Zain's Antique Armour Emporium.
 11890 | D:8      | Got a pair of fine boots
 11910 | D:8      | Identified the +0 pair of boots "Qiumungo" {*Drain rPois
                  | Will+ Slay+2} (You found it on level 8 of the Dungeon)
 11959 | D:8      | Found a hazy altar of Hepliaklqana.
 12217 | D:9      | Noticed a two-headed ogre
 12231 | D:8      | Killed a two-headed ogre
 12232 | D:8      | Reached skill level 11 in Spellcasting
 12232 | D:8      | Reached XP level 11. HP: 63/63 MP: 20/28
 12534 | D:9      | Noticed Joseph
 12726 | D:8      | Killed Joseph
 13464 | D:9      | Reached **** piety under Sif Muna
 13472 | D:9      | Noticed Harold
 13525 | D:10     | Entered Level 10 of the Dungeon
 13545 | D:9      | Killed Harold
 13546 | D:9      | Reached skill level 10 in Conjurations
 13546 | D:9      | Reached skill level 10 in Fire Magic
 13952 | D:10     | Noticed a two-headed ogre
 13961 | D:9      | Killed a two-headed ogre
 13962 | D:9      | Reached skill level 5 in Invocations
 14562 | D:10     | Found a transporter.
 14577 | D:10     | Found a viscous altar of Jiyva.
 14577 | D:10     | Found a transporter.
 14578 | D:10     | Noticed a glowing orange brain
 14669 | D:10     | Noticed a glowing orange brain
 15319 | D:10     | Noticed a wolf spider
 15322 | D:10     | Killed a wolf spider
 15323 | D:10     | Reached skill level 12 in Spellcasting
 15586 | D:10     | Noticed an unseen horror
 15589 | D:10     | Killed an unseen horror
 15784 | D:11     | Reached ***** piety under Sif Muna
 16126 | D:11     | Identified Sif Muna's Reference Book on Flying Heat (Sif
                  | Muna gifted it to you on level 11 of the Dungeon)
 16126 | D:11     | Received a gift from Sif Muna
 16176 | D:10     | Learned a level 5 spell: Bolt of Magma
 16231 | D:11     | Noticed a brown ugly thing
 16236 | D:11     | Killed a brown ugly thing
 16237 | D:11     | Reached skill level 1 in Earth Magic
 16697 | D:11     | Found a staircase to the Lair.
 17116 | D:11     | Reached XP level 12. HP: 68/68 MP: 0/30
 17605 | Lair:1   | Entered Level 1 of the Lair of Beasts
 17614 | Lair:1   | Identified a scroll of acquirement
 17632 | Lair:1   | Acquired a staff of conjuration
 17782 | Lair:1   | Found a transporter.
 17901 | Lair:1   | Found a transporter.
 17923 | Lair:1   | Reached skill level 5 in Earth Magic
 18239 | Lair:1   | Noticed spacewizard's ghost (journeyman OpVM)
 18496 | Lair:1   | Found a runed translucent door.
 18798 | Lair:2   | Noticed a five-headed hydra
 18805 | Lair:2   | Killed a five-headed hydra
 19033 | Lair:2   | Identified Sif Muna's Almanac of Summoning and
                  | Confrontation (Sif Muna gifted it to you on level 2 of the
                  | Lair of Beasts)
 19033 | Lair:2   | Received a gift from Sif Muna
 19105 | Lair:1   | Learned a level 6 spell: Starburst
 19246 | Lair:2   | Reached skill level 10 in Invocations
 19669 | Lair:2   | Found a staircase to the Snake Pit.
 19718 | Lair:2   | Noticed a four-headed hydra
 19730 | Lair:2   | Killed a four-headed hydra
 19849 | Lair:2   | Found a staircase to the Shoals.
 19912 | Lair:2   | Acquired 735 gold pieces
 20118 | Lair:2   | Got a bloodstained scale mail
 20437 | Lair:3   | Found a dark tunnel.
 20446 | Volcano  | Entered a volcano
 20602 | Volcano  | Reached XP level 13. HP: 75/75 MP: 14/31
 21128 | Volcano  | Noticed a fire dragon
 21137 | Volcano  | Killed a fire dragon
 21271 | Volcano  | Got a heavily runed hat
 21282 | Volcano  | Identified the +0 hat of Dishonour {rPois Int+5} (You found
                  | it in a volcano)
 21825 | Lair:3   | Demolished by a boulder beetle

Illustrated notes

Levels and vault maps discovered:
D:1:      psy_arrival_conway, layout_loops_ring, hex_medium
D:2:      layout_rooms, gammafunk_temple_overflow_forgotten,
          nicolae_ru_path_of_blood, serial_glass, glass_columns_a,
          glass_columns_a, glass_columns_b, glass_columns_b, glass_columns_c,
          glass_columns_a, st_stairs_12, serial_bayou_pond_c,
          chequers_serial_rivers_micro_c
D:3:      layout_loops_corners, nicolae_overflow_crystal_walls,
          nemelex_xobeh_ov_fountains_minmay
D:4:      layout_rooms, minmay_temple_entry_mini_moons, uniq_pikel,
          uniq_crazy_yiuf_cottage, uniq_robin
D:5:      layout_basic, st_stairs_2, uniq_eustachio
D:6:      layout_cave_pools, uniq_menkaure, uniq_maggie
D:7:      cheibrodos_fzero, layout_basic
D:8:      layout_basic, nzn_hepliaklqana_mist_gate, serial_shops,
          nicolae_shop_statue_plus, hangedman_abyss_or_decor_lesser_grid,
          minmay_chambers_of_fives
D:9:      layout_cave_pools, minmay_nine_imps, uniq_joseph, uniq_harold
D:10:     gammafunk_jiyva_shrine, layout_loops_corners, kennysheep_just_a_vault
D:11:     layout_roguey, dpeg_oklobed_lair, kennysheep_potato
Temple:   nicolae_temple_elliptical
Lair:1:   gammafunk_cloud_chamber, layout_chaotic_city,
          hellmonk_ghost_happy_afterlife
Lair:2:   layout_chaotic_city, elwin_shoals_entry_stream,
          minmay_snake_entry_guardpost_medium, nicolae_quartered_pool_medium,
          columned_hall_lemuel, minivault_19, grunt_forest_stairs_basic
Lair:3:   layout_big_grid, enter_volcano_2

Skill      XL: |  1  2  3  4  5  6  7  8  9 10 11 12 13 |
---------------+----------------------------------------+-----
Conjurations   | 2 3 4 5 6 7 8 9 10 | 10.4
Fire Magic     | 4 5 6 7 8 9 10 | 10.4
Spellcasting   | 4 5 6 7 9 10 11 12 | 12.0
Dodging        | 4 6 7 8 |  8.7
Fighting       | 3 5 6 8 |  8.1
Invocations    | 3 8 10 | 10.0
Evocations     | 3 |  3.0
Earth Magic    | 3 8 |  8.0
Stealth        | |  2.4

Action                   |  1- 3 |  4- 6 |  7- 9 | 10-12 | 13-15 || total
-------------------------+-------+-------+-------+-------+-------++-------
Melee: Mace              |       |       |    16 |    32 |       ||    48
 Cast: Foxfire           |    84 |   179 |   409 |   203 |       ||   875
       Sticky Flame      |       |     2 |    15 |    28 |       ||    45
       Fireball          |       |       |     4 |   127 |     1 ||   132
       Bolt of Magma     |       |       |       |    66 |    49 ||   115
Invok: Channel Magic     |       |       |       |     4 |     2 ||     6
Evoke: Wand              |       |       |       |       |    18 ||    18
  Use: Scroll            |     3 |     3 |     5 |    10 |       ||    21
       Potion            |       |       |     3 |     1 |       ||     4
Armor: Robe              |     1 |     9 |    25 |       |       ||    35
       Leather armour    |       |       |     5 |    46 |     2 ||    53
Dodge: Dodged            |     6 |    23 |    58 |   133 |    14 ||   234

Table legend: (Time is in decaauts)
 A = Elapsed time spent in this place.
 B = Non-inter-level travel time spent in this place.
 C = Inter-level travel time spent in this place.
 D = Time resting spent in this place.
 E = Time spent auto-exploring this place.
 F = Levels seen in this place.
 G = Mean time per level.
                   A        B        C        D        E       F      G
               +--------+--------+--------+--------+--------+-----+--------+
         Total |  21888 |  21157 |    731 |    253 |  17695 |  16 | 1368.0 |
       Dungeon |  17390 |  16841 |    549 |     90 |  14215 |  11 | 1580.9 |
        Temple |    272 |    241 |     31 |      0 |    228 |   1 |  272.0 |
          Lair |   3193 |   3042 |    151 |     66 |   2573 |   3 | 1064.3 |
       Volcano |   1032 |   1032 |      0 |     97 |    679 |   1 | 1032.0 |
               +--------+--------+--------+--------+--------+-----+--------+

Top non-repeatable levels by time:
     D:3: 2418 daAuts
     D:7: 2123 daAuts
     D:8: 1952 daAuts
    D:10: 1924 daAuts
     D:5: 1750 daAuts
    D:11: 1615 daAuts
  Lair:1: 1483 daAuts
  Lair:2: 1354 daAuts
     D:9: 1304 daAuts
     D:2: 1186 daAuts
     D:6: 1163 daAuts
     D:1: 1058 daAuts
 Volcano: 1032 daAuts
     D:4: 890 daAuts
  Lair:3: 355 daAuts
